 Dungeon Crawl Stone Soup version 0.30.0-18-gc0e69614cb (webtiles) character file.

Game seed: 1701630377025880870

210 croobank the Insei (level 5, -3/41 HPs)
             Began as a Gnoll Transmuter on May 23, 2023.
             Slain by an orc priest
             ... wielding a +0 flail
              (8 damage)
             ... on level 4 of the Dungeon.
             The game lasted 00:07:26 (1718 turns).

croobank the Insei (Gnoll Transmuter)               Turns: 1718, Time: 00:07:26

Health: -3/41      AC:  4    Str:  9    XL:     5   Next: 87%
Magic:  10/12      EV: 13    Int: 14    God:
Gold:   173        SH:  0    Dex: 13    Spells: 11/14 levels left

rFire   . . .        a - +0 short sword
rCold   . . .        (no shield)
rNeg    . . .        c - +0 robe
rPois   .            (helmet currently unavailable)
rElec   .            e - +0 cloak
rCorr   .            r - +0 pair of gloves
SInv    .            (boots currently unavailable)
Will    .....        (no amulet)
Stlth   ++           (no ring)
HPRegen 0.26/turn    (no ring)
MPRegen 0.13/turn

%: no passive effects
@: appendages (expiring), wereblooded, hasted, very quick
A: talons 2, fangs 1, strong nose, distributed training, hooves 1, horns 1
a: End Transformation


You were on level 4 of the Dungeon.
You had temporarily grown beastly talons.
You visited 1 branch of the dungeon, and saw 4 of its levels.

You collected 173 gold pieces.

Inventory:

Hand Weapons
 a - a +0 short sword (weapon)
 b - a +0 sling
 d - a +4 scythe of protection
 i - a +0 dagger
Missiles
 s - 4 poisoned darts
Armour
 c - a +0 robe (worn)
 e - a +0 cloak (worn)
 m - a +0 ring mail
 r - a +0 pair of gloves (worn)
Jewellery
 j - a ring of fire
Scrolls
 h - a scroll of magic mapping {unknown}
 k - 3 scrolls of brand weapon {unknown}
 l - 2 scrolls of identify {unknown}
 n - a scroll of fear {unknown}
 t - a scroll of immolation {unknown}
Potions
 o - a potion of flight
 p - 2 potions of brilliance
 u - a potion of resistance {unknown}
 v - a potion of haste


   Skills:
 + Level 3.1 Fighting
 + Level 1.7 Short Blades
 + Level 1.7 Long Blades
 + Level 1.7 Axes
 + Level 1.7 Maces & Flails
 + Level 1.7 Polearms
 + Level 1.7 Staves
 + Level 1.7 Ranged Weapons
 + Level 1.7 Throwing
 + Level 1.7 Armour
 + Level 4.9 Dodging
 + Level 1.7 Stealth
 + Level 1.7 Shields
 + Level 6.7 Unarmed Combat
 + Level 5.3 Spellcasting
 + Level 1.3 Conjurations
 + Level 1.3 Hexes
 + Level 1.3 Summonings
 + Level 1.3 Necromancy
 + Level 1.3 Translocations
 + Level 4.0 Transmutations
 + Level 1.3 Fire Magic
 + Level 1.3 Ice Magic
 + Level 1.3 Air Magic
 + Level 1.3 Earth Magic
 + Level 1.3 Poison Magic
 + Level 2.0 Invocations
 + Level 1.7 Evocations


You had 11 spell levels left.
You knew the following spells:

 Your Spells              Type           Power      Damage    Failure   Level
a - Beastly Appendage     Tmut           30%        N/A       3%          1
b - Wereblood             Tmut           15%        N/A       4%          2

Your spell library contained the following spells:

 Spells                   Type           Power      Damage    Failure   Level
 Sting                    Tmut/Pois      44%        1d5       5%          1
 Poisonous Vapours        Pois/Air       14%        N/A       14%         2
 Spider Form              Tmut/Pois      11%        N/A       17%         3
 Dazzling Flash           Conj/Hex       14%        N/A       28%         3
 Summon Guardian Golem    Hex/Summ       7%         N/A       28%         3
 Volatile Blastmotes      Fire/Tloc      14%        2d11      28%         3
 Ice Form                 Ice/Tmut       11%        N/A       50%         4
 Iskenderun's Mystic Bla  Conj/Tloc      7%         2d4       67%         4
 Olgreb's Toxic Radiance  Pois           7%         N/A       67%         4
 Starburst                Conj/Fire      3%         6d3       100%        6
 Orb of Destruction       Conj           3%         9d5       100%        7
 Spellforged Servitor     Conj/Summ      3%         N/A       100%        7


Dungeon Overview and Level Annotations

Branches:
Dungeon (4/15)
 Temple: D:4-7

Altars:
The Shining One


Innate Abilities, Weirdness & Mutations

You have temporarily grown beastly talons.
You have very sharp teeth.
Your uncanny sense of smell can sniff out nearby items.
Your experience applies equally to all skills.
You have large cloven feet.
You have a pair of small horns on your head.


Message History

You hit the orc but do no damage. Your kick misses the orc.
You headbutt the orc.
You kill the orc!
Something unseen opens the door.
Casting: Wereblood (safe; 4% risk of failure)
Confirm with . or Enter, or press ? or * to list all spells.
Your blood is infused with primal strength.
An orc priest comes into view. It is wielding a +0 flail.
Casting: Wereblood (safe; 4% risk of failure)
Confirm with . or Enter, or press ? or * to list all spells.
Your feet morph into talons.
You closely miss the orc priest. You headbutt the orc priest.
You bite the orc priest, but do no damage.
The orc priest is lightly wounded.
The orc priest hits you with a +0 flail.
You hit the orc priest but do no damage.
Your kick misses the orc priest. Your headbutt misses the orc priest.
The orc priest is lightly wounded.
The orc priest closely misses you.
You hit the orc priest but do no damage.
The orc priest is lightly wounded.
The orc priest hits you with a +0 flail.
You hit the orc priest but do no damage.
Your headbutt misses the orc priest.
The orc priest is lightly wounded.
The orc priest hits you with a +0 flail!
You barely miss the orc priest.
You claw the orc priest, but do no damage.
The orc priest is lightly wounded.
The orc priest calls down the wrath of Beogh upon you.
Pain shoots through your body!
You hit the orc priest. Your headbutt misses the orc priest.
The orc priest is moderately wounded.
Your transformation is almost over.
The orc priest hits you with a +0 flail!
* * * LOW HITPOINT WARNING * * *
Okay, then.
It was a potion of haste.
You feel yourself speed up.
The orc priest hits you with a +0 flail!
You die...

## .. ..
.##+##
....#
...+ #))#
##@.# ∆
#o.)# ∆
.'...#
∆#..#..)#
#..##..#
#. #### #
∆


You could see an orc priest.

Vanquished Creatures
  Sigmund (D:3)
  An adder (D:3)
  A worm (D:3)
  3 orcs (D:4)
  3 endoplasms
  2 giant cockroaches (D:2)
  4 goblins
  A hobgoblin (D:2)
  6 kobolds
  A quokka (D:2)
  2 ball pythons
  6 bats
  5 frilled lizards
  A rat (D:2)
37 creatures vanquished.

Notes
Turn   | Place    | Note
-------+----------+-------------------------------------------
     0 | D:1      | croobank the Gnoll Transmuter began the quest for the Orb.
     0 | D:1      | Reached XP level 1. HP: 17/17 MP: 6/6
   375 | D:1      | Reached XP level 2. HP: 18/23 MP: 5/7
   379 | D:1      | Learned a level 2 spell: Wereblood
  1071 | D:2      | Found a faded altar of an unknown god.
  1176 | D:2      | Reached skill level 5 in Spellcasting
  1176 | D:2      | Reached XP level 3. HP: 28/28 MP: 4/9
  1503 | D:3      | Noticed Sigmund
  1524 | D:3      | Gained mutation: You have large cloven feet. [potion of
                  | mutation]
  1524 | D:3      | Gained mutation: You have a pair of small horns on your
                  | head. [potion of mutation]
  1527 | D:3      | Killed Sigmund
  1528 | D:3      | Reached skill level 1 in Short Blades
  1528 | D:3      | Reached skill level 1 in Long Blades
  1528 | D:3      | Reached skill level 1 in Axes
  1528 | D:3      | Reached skill level 1 in Maces & Flails
  1528 | D:3      | Reached skill level 1 in Polearms
  1528 | D:3      | Reached skill level 1 in Staves
  1528 | D:3      | Reached skill level 1 in Ranged Weapons
  1528 | D:3      | Reached skill level 1 in Throwing
  1528 | D:3      | Reached skill level 1 in Armour
  1528 | D:3      | Reached skill level 1 in Stealth
  1528 | D:3      | Reached skill level 1 in Shields
  1528 | D:3      | Reached skill level 1 in Conjurations
  1528 | D:3      | Reached skill level 1 in Hexes
  1528 | D:3      | Reached skill level 1 in Summonings
  1528 | D:3      | Reached skill level 1 in Necromancy
  1528 | D:3      | Reached skill level 1 in Translocations
  1528 | D:3      | Reached skill level 1 in Fire Magic
  1528 | D:3      | Reached skill level 1 in Ice Magic
  1528 | D:3      | Reached skill level 1 in Air Magic
  1528 | D:3      | Reached skill level 1 in Earth Magic
  1528 | D:3      | Reached skill level 1 in Poison Magic
  1528 | D:3      | Reached skill level 1 in Invocations
  1528 | D:3      | Reached skill level 1 in Evocations
  1528 | D:3      | Reached XP level 4. HP: 25/35 MP: 9/11
  1528 | D:3      | Reached XP level 5. HP: 30/41 MP: 9/12
  1646 | D:3      | Found a glowing golden altar of the Shining One.
  1718 | D:4      | Slain by an orc priest

Illustrated notes

Levels and vault maps discovered:
D:1:      saegor_arrival_simple_c, layout_basic, serial_park_tiny_pond
D:2:      layout_loops_ring, ebering_ecumenical_altar_abandoned,
          hangedman_decor_opposing
D:3:      layout_basic, tso_metal_star, jmf_multi_god_temple2,
          nrook_mini_vaults, chequers_garden, solitary_fountain,
          minmay_ogre_servants, uniq_robin, uniq_sigmund,
          uniq_crazy_yiuf_cottage
D:4:      nicolae_cairo_tiling_large, layout_gridville,
          mainiacjoe_overflow_six_doors_small, chei_slow_surprise, serial_shops,
          nicolae_shop_pleasant_corner_grove, minmay_statues_item, st_stairs_4

Skill      XL: |  1  2  3  4  5 |
---------------+----------------+-----
Spellcasting   | 5 |  5.3
Fighting       | 3 |  3.1
Short Blades   | 1 |  1.7
Long Blades    | 1 |  1.7
Axes           | 1 |  1.7
Maces & Flails | 1 |  1.7
Polearms       | 1 |  1.7
Staves         | 1 |  1.7
Ranged Weapons | 1 |  1.7
Throwing       | 1 |  1.7
Armour         | 1 |  1.7
Stealth        | 1 |  1.7
Shields        | 1 |  1.7
Conjurations   | 1 |  1.3
Hexes          | 1 |  1.3
Summonings     | 1 |  1.3
Necromancy     | 1 |  1.3
Translocations | 1 |  1.3
Transmutations | 4 |  4.0
Fire Magic     | 1 |  1.3
Ice Magic      | 1 |  1.3
Air Magic      | 1 |  1.3
Earth Magic    | 1 |  1.3
Poison Magic   | 1 |  1.3
Invocations    | 1 2 |  2.0
Evocations     | 1 |  1.7
Dodging        | |  4.9
Unarmed Combat | |  6.7

Action                     |  1- 3 |  4- 6 || total
---------------------------+-------+-------++-------
  Melee: Short sword       |    58 |    53 ||   111
         Headbutt          |     6 |     6 ||    12
         Unarmed           |     2 |       ||     2
         Kick              |    10 |    16 ||    26
         Punch             |     2 |       ||     2
         Bite              |     2 |     7 ||     9
   Fire: Sling             |     6 |       ||     6
   Cast: Beastly Appendage |    17 |     4 ||    21
         Wereblood         |    12 |     4 ||    16
    Use: Potion            |     6 |     1 ||     7
   Stab: Sleeping          |     1 |       ||     1
 Armour: Robe              |    15 |    20 ||    35
         Skin              |    15 |       ||    15
  Dodge: Dodged            |    43 |    32 ||    75
